[Event "ICC tourney 1970 (45 10)"]
[Site "Internet Chess Club"]
[Date "2020.08.22"]
[Round "3"]
[White "akhilv"]
[Black "miyzhang"]
[Result "1/2-1/2"]
[ICCResult "Game drawn by repetition"]
[WhiteElo "980"]
[BlackElo "1244"]
[Opening "Ruy Lopez: Anderssen variation"]
[ECO "C77"]
[NIC "RL.12"]
[Time "16:01:27"]
[TimeControl "2700+10"]

1. e4 e5 2. Nf3 Nc6 3. Bb5 a6 4. Ba4 Nf6 5. d3 b5 6. Bb3 Be7 7. O-O O-O 8.
Re1 d6 9. Bg5 Bg4 10. h3 Bd7 11. Nc3 Na5 12. Bxf6 Bxf6 13. Bd5 c6 14. Bb3
Nxb3 15. axb3 Be6 16. d4 h6 17. dxe5 dxe5 18. Qxd8 Rfxd8 19. Rad1 Rac8 20.
Rxd8+ Rxd8 21. Ra1 Ra8 22. Ra2 Kf8 23. Ra1 Ke7 24. Rd1 a5 25. Ra1 Kd6 26. b4
a4 27. b3 c5 28. Nxb5+ Kc6 29. bxa4 cxb4 30. Kf1 Bd7 31. Nd2 Kb6 32. Nd6
Rxa4 33. Rb1 Be6 34. N6c4+ Kc5 35. Nb2 Ra8 36. Nd3+ Kd4 37. Nxb4 Kc3 38. Nf3
Ba2 39. Nxa2+ Rxa2 40. Rb7 Kxc2 41. Rc7+ Kd3 42. Rxf7 Kxe4 43. Ke1 Kd3 44.
Rd7+ Ke4 45. Nd2+ Kf5 46. g4+ Ke6 47. Rb7 Bg5 48. Rb6+ Kd5 49. Nf3 Kc5 50.
Re6 Bf4 51. Nxe5 Kd5 52. Rb6 Kxe5 53. Rb5+ Ke4 54. Rb4+ Kd3 55. Kf1 Ra1+ 56.
Kg2 Kc3 57. Rxf4 Ra7 58. Rf3+ Kd4 59. Rf4+ Ke5 60. Rf5+ Ke6 61. Kf3 Ra3+ 62.
Kg2 Rc3 63. f4 Rc2+ 64. Kg3 Rc3+ 65. Kg2 Re3 66. Ra5 Rc3 67. Ra6+ Kf7 68.
Ra7+ Kf6 69. Ra6+ Kf7 70. Ra7+ Kf6 71. Ra6+ Kf7 72. Ra7+ Kf6 73. Ra6+ Kf7
74. Ra7+ Kf6 75. Ra6+ Kf7 76. Ra7+ Kf6 77. Ra6+ Kf7 78. Ra7+ Kf6 79. Ra6+
Kf7 80. Ra7+ Kf6 81. Ra6+ Kf7 82. Ra7+ Kf6 83. Ra6+ Kf7 84. Ra7+ Kf6 85.
Ra6+ Kf7 86. Ra7+ Kf6 87. Ra6+ Kf7 88. Ra7+ Kf6 89. Ra6+ Kf7 90. Ra7+ Kf6
91. Ra6+ Kf7 92. Ra7+ Kf6 93. Ra6+ Kf7 94. Ra7+ Kf6 95. Ra6+ Kf7 96. Ra7+
Kf6 97. Ra6+ Kf7 98. Ra7+ Kf6 99. Ra6+ Kf7 100. Ra7+ Kf6 101. Ra6+ Kf7 102.
Ra7+ Kf6 103. Ra6+ Kf7 104. Ra7+ Kf6 105. Ra6+ Kf7 106. Ra7+ Kf6 107. Ra6+
Kf7 108. Ra7+ Kf6 109. Ra6+ Kf7 110. Ra7+ Kf6 111. Ra6+ Kf7 112. Ra7+ Kf6
113. Ra6+ Kf7 114. Ra7+ Kf6 115. Ra6+ Kf7 116. Ra7+ Kf6 117. Ra6+ Kf7 118.
Ra7+ Kf6 119. Ra6+ Kf7 120. Ra7+ Kf6 121. Ra6+ Kf7 122. Ra7+ Kf6 123. Ra6+
Kf7 124. Ra7+ Kf6 125. Ra6+ Kf7 126. Ra7+ Kf6 127. Ra6+ Kf7 128. Ra7+ Kf6
129. Ra6+ Kf7 130. Ra7+ Kf6 131. Ra6+ Kf7 132. Ra7+ Kf6 133. Ra6+ Kf7 134.
Ra7+ Kf6 135. Ra6+ Kf7 136. Ra7+ Kf6 137. Ra6+ Kf7 138. Ra7+ Kf6 139. Ra6+
Kf7 140. Ra7+ Kf6 141. Ra6+ Kf7 142. Ra7+ Kf6 143. Ra6+ Kf7 144. Ra7+ Kf6
145. Ra6+ Kf7 146. Ra7+ Kf6 147. Ra6+ Kf7 148. Ra7+ Kf6 149. Ra6+ Kf7 150.
Ra7+ Kf6 151. Ra6+ Kf7 152. Ra7+ Kf6 153. Ra6+ Kf7 154. Ra7+ Kf6 155. Ra6+
Kf7 156. Ra7+ Kf6 157. Ra6+ Kf7 158. Ra7+ Kf6 159. Ra6+
{Game drawn by repetition}
1/2-1/2

[Event "ICC tourney 1970 (45 10)"]
[Site "Internet Chess Club"]
[Date "2020.08.22"]
[Round "4"]
[White "RohithRV199"]
[Black "oliver-kc"]
[Result "1-0"]
[ICCResult "Black checkmated"]
[WhiteElo "869"]
[BlackElo "441"]
[Opening "Caro-Kann: exchange variation"]
[ECO "B13"]
[NIC "CK.02"]
[Time "18:32:44"]
[TimeControl "2700+10"]

1. e4 c6 2. d4 d5 3. exd5 cxd5 4. Bd3 e6 5. Nf3 Nf6 6. O-O Be7 7. c3 O-O 8.
Be3 Nc6 9. Re1 Bd7 10. Nbd2 Rc8 11. Nf1 a6 12. Ng3 Bd6 13. Qc2 Qc7 14. Bg5
h6 15. Bxf6 gxf6 16. Qd2 Kg7 17. Nh5+ Kg8 18. Qxh6 Rfe8 19. Qg7#
{Black checkmated}
1-0

[Event "ICC tourney 1970 (45 10)"]
[Site "Internet Chess Club"]
[Date "2020.08.22"]
[Round "4"]
[White "swiecsd"]
[Black "Trex226"]
[Result "0-1"]
[ICCResult "White checkmated"]
[WhiteElo "712"]
[BlackElo "891"]
[Opening "Evans gambit"]
[ECO "C52"]
[NIC "IG.05"]
[Time "18:32:46"]
[TimeControl "2700+10"]

1. e4 e5 2. Nf3 Nc6 3. Bc4 Bc5 4. b4 Bxb4 5. c3 Ba5 6. Qb3 Qe7 7. d3 h6 8.
Bxf7+ Qxf7 9. Qxf7+ Kxf7 10. Be3 Nf6 11. O-O Rf8 12. Nbd2 Kg8 13. d4 exd4
14. Nxd4 Nxd4 15. Bxd4 d6 16. e5 dxe5 17. Bxe5 Re8 18. Rfe1 c6 19. Bxf6
Rxe1+ 20. Rxe1 gxf6 21. Re8+ Kf7 22. Re4 Bf5 23. Rf4 Rd8 24. Rxf5 Rxd2 25.
Rxa5 Rd1# {White checkmated} 0-1

[Event "ICC tourney 1970 (45 10)"]
[Site "Internet Chess Club"]
[Date "2020.08.22"]
[Round "4"]
[White "HeSteven"]
[Black "lienegu"]
[Result "0-1"]
[ICCResult "White checkmated"]
[WhiteElo "873"]
[BlackElo "795"]
[Opening "Giuoco Piano"]
[ECO "C54"]
[NIC "IG.02"]
[Time "18:32:49"]
[TimeControl "2700+10"]

1. e4 e5 2. Nf3 Nc6 3. Bc4 Bc5 4. c3 Nf6 5. d4 exd4 6. cxd4 Bb4+ 7. Bd2 Nxe4
8. Bxb4 Nxb4 9. Bxf7+ Kxf7 10. Qb3+ d5 11. Ne5+ Kg8 12. Qxb4 Qg5 13. O-O Bh3
14. g3 Bxf1 15. Kxf1 Qc1+ 16. Kg2 Qc2 17. Ng4 h5 18. Qxb7 hxg4 19. Qxa8+ Kh7
20. Kh1 Nxf2+ 21. Kg1 Nh3+ 22. Kh1 Qd1+ 23. Kg2 Qe2+ 24. Kh1 Qf1#
{White checkmated}
0-1

[Event "ICC tourney 1970 (45 10)"]
[Site "Internet Chess Club"]
[Date "2020.08.22"]
[Round "4"]
[White "LucasW2014"]
[Black "LittlePawn135"]
[Result "1-0"]
[ICCResult "Black resigns"]
[WhiteElo "674"]
[BlackElo "408"]
[Opening "Nimzovich-Larsen attack: classical variation"]
[ECO "A01"]
[NIC "VO.08"]
[Time "18:32:46"]
[TimeControl "2700+10"]

1. b3 d5 2. Bb2 Nc6 3. d4 Nf6 4. Nc3 e6 5. Nf3 Bb4 6. a3 Bd6 7. e3 O-O 8.
Bb5 a6 9. Bd3 e5 10. dxe5 Nxe5 11. O-O Nxd3 12. cxd3 Be6 13. Re1 c6 14. e4
dxe4 15. dxe4 Nd7 16. Qxd6 Qb6 17. Nd4 Nc5 18. b4 Rfd8 19. Qxc5 Qxc5 20.
bxc5 Rxd4 21. Red1 Rc4 22. Rd3 Rxc5 23. Rad1 g6 24. Rd8+ Rxd8 25. Rxd8+ Kg7
26. Na4+ {Black resigns} 1-0

[Event "ICC tourney 1970 (45 10)"]
[Site "Internet Chess Club"]
[Date "2020.08.22"]
[Round "4"]
[White "funstyle"]
[Black "Tuguldur"]
[Result "1-0"]
[ICCResult "Black checkmated"]
[WhiteElo "1057"]
[BlackElo "911"]
[Opening "Giuoco Pianissimo: Italian four knights variation"]
[ECO "C24"]
[NIC "IG.04"]
[Time "18:32:55"]
[TimeControl "2700+10"]

1. e4 e5 2. Bc4 Nf6 3. d3 Nc6 4. Nf3 Bc5 5. Nc3 h6 6. Nd5 d6 7. h3 O-O 8.
O-O Nd4 9. Be3 Nxf3+ 10. Qxf3 Nxd5 11. Bxd5 Bxe3 12. fxe3 c6 13. Bxf7+ Kh8
14. Qh5 Qg5 15. Qxg5 hxg5 16. Bh5 Be6 17. a3 d5 18. exd5 cxd5 19. Rxf8+ Rxf8
20. Rf1 Rf6 21. Rxf6 gxf6 22. Bg4 Bxg4 23. hxg4 Kg7 24. Kf2 Kg6 25. c4 d4
26. e4 Kf7 27. Ke2 Ke6 28. Kd2 Kd6 29. b4 Kc6 30. Kc2 b5 31. Kb3 a6 32.
cxb5+ axb5 33. a4 Kb6 34. axb5 Kxb5 35. g3 Ka6 36. Kc4 Kb6 37. b5 Ka5 38.
Kc5 Ka4 39. b6 Kb3 40. b7 Kc3 41. b8=Q Kxd3 42. Qb3+ Kxe4 43. Kc4 f5 44.
Qd3# {Black checkmated} 1-0

[Event "ICC tourney 1970 (45 10)"]
[Site "Internet Chess Club"]
[Date "2020.08.22"]
[Round "4"]
[White "mithu542"]
[Black "mimzhang"]
[Result "0-1"]
[ICCResult "White checkmated"]
[WhiteElo "1003"]
[BlackElo "992"]
[Opening "Giuoco Piano: Greco's attack"]
[ECO "C54"]
[NIC "IG.02"]
[Time "18:32:57"]
[TimeControl "2700+10"]

1. e4 e5 2. Nf3 Nc6 3. Bc4 Bc5 4. c3 Nf6 5. d4 exd4 6. cxd4 Bb4+ 7. Nc3 d5
8. e5 Ne4 9. Bxd5 Qxd5 10. O-O Nxc3 11. bxc3 Bxc3 12. Bg5 Bxa1 13. Qb3 Qxb3
14. axb3 Bxd4 15. Rd1 O-O 16. Nxd4 Nxd4 17. Rxd4 Bf5 18. Bf4 Rad8 19. Be3
Rxd4 20. Bxd4 Rd8 21. h3 Rxd4 22. Kh1 a5 23. Kg1 a4 24. bxa4 Rxa4 25. Kh2 b5
26. Kg1 b4 27. Kh2 b3 28. Kg1 b2 29. Kh2 b1=Q 30. f3 Rh4 31. f4 Rxf4 32. e6
fxe6 33. Kg3 Qe4 34. Kh2 Qe5 35. Kg3 Rf1+ 36. Kh4 Qf4+ 37. Kh5 Qh6#
{White checkmated}
0-1

[Event "ICC tourney 1970 (45 10)"]
[Site "Internet Chess Club"]
[Date "2020.08.22"]
[Round "4"]
[White "cappyal"]
[Black "arjunbupeshnath"]
[Result "0-1"]
[ICCResult "White checkmated"]
[WhiteElo "452"]
[BlackElo "912"]
[Opening "Ruy Lopez: classical (Cordel) defense"]
[ECO "C64"]
[NIC "RL.01"]
[Time "18:32:38"]
[TimeControl "2700+10"]

1. e4 e5 2. Nf3 Nc6 3. Bb5 Bc5 4. Bxc6 bxc6 5. Nxe5 Qg5 6. d4 Qxg2 7. Rf1
Ba6 8. c4 Bb4+ 9. Nc3 Bxc3+ 10. bxc3 d6 11. Nd3 Bxc4 12. Ke2 Qxe4+ 13. Kd2
Qxd3+ 14. Ke1 Qxf1+ 15. Kd2 Qxf2+ 16. Qe2+ Qxe2# {White checkmated} 0-1

[Event "ICC tourney 1970 (45 10)"]
[Site "Internet Chess Club"]
[Date "2020.08.22"]
[Round "4"]
[White "luckylol3"]
[Black "Alexpnng"]
[Result "0-1"]
[ICCResult "White resigns"]
[WhiteElo "952"]
[BlackElo "1246"]
[Opening "Sicilian: Smith-Morra gambit"]
[ECO "B21"]
[NIC "SI.48"]
[Time "18:32:40"]
[TimeControl "2700+10"]

1. e4 c5 2. d4 cxd4 3. c3 dxc3 4. Nxc3 e5 5. Nf3 Nc6 6. Bc4 h6 7. O-O Nf6 8.
Be3 Bb4 9. Qc2 O-O 10. a3 Ba5 11. b4 Bb6 12. Bxb6 Qxb6 13. Rad1 Rd8 14. Nd5
Nxd5 15. exd5 Nd4 16. Nxd4 exd4 17. Qd3 a5 18. b5 d6 19. Qxd4 Qxd4 20. Rxd4
Bf5 21. Re1 Kf8 22. Bd3 Bxd3 23. Rxd3 Re8 24. Rde3 Rxe3 25. Rxe3 Rc8 26. h3
Rc5 27. a4 Rxd5 28. Rc3 Rc5 29. Rxc5 dxc5 30. Kf1 Ke7 31. Ke2 Kd6 32. Kd3 b6
33. Kc4 f6 34. f4 g5 35. g3 gxf4 36. gxf4 h5 37. h4 f5 38. Kb3 Kd5 39. Kc3
Ke4 40. Kc4 Kxf4 41. Kd5 Ke3 42. Kc6 f4 43. Kxb6 f3 44. Kxc5 f2 45. b6 f1=Q
46. b7 Qb1 47. Kc6 Qg6+ 48. Kc7 Qf7+ 49. Kb6 Qe6+ 50. Kc7 Qe7+ 51. Kb6 Qd6+
52. Ka7 Kf4 53. b8=Q Qxb8+ 54. Kxb8 Kg4 55. Ka7 Kxh4 56. Ka6 Kg4 57. Kxa5 h4
58. Kb6 h3 59. a5 h2 60. a6 h1=Q 61. a7 Qb1+ 62. Ka6 Qd3+ 63. Kb7 Qb5+ 64.
Kc8 Qe8+ 65. Kb7 Qd7+ 66. Kb6 Qc8 67. Ka5 Qa8 68. Kb6 Kf5 69. Ka6 Ke6 70.
Kb6 Kd6 71. Ka6 Kc6 {White resigns} 0-1

[Event "ICC tourney 1970 (45 10)"]
[Site "Internet Chess Club"]
[Date "2020.08.22"]
[Round "4"]
[White "Snowzera"]
[Black "JKnapp"]
[Result "0-1"]
[ICCResult "White checkmated"]
[WhiteElo "1048"]
[BlackElo "829"]
[Opening "Scandinavian (center counter) defense"]
[ECO "B01"]
[NIC "VO.17"]
[Time "18:33:27"]
[TimeControl "2700+10"]

1. e4 d5 2. e5 c5 3. c3 Nc6 4. d4 c4 5. b3 cxb3 6. axb3 Bf5 7. c4 dxc4 8.
bxc4 Nxd4 9. Be3 Nc2+ 10. Ke2 Nxa1 11. Qa4+ Qd7 12. Qxa1 Rd8 13. Nc3 e6 14.
Bg5 Be7 15. Bxe7 Nxe7 16. Nf3 Nc6 17. Ke1 Nd4 18. Nxd4 Qxd4 19. Qb2 O-O 20.
Be2 Rc8 21. Qa3 Rfd8 22. Nb5 Qd2+ 23. Kf1 Bd3 24. g3 Qxe2+ 25. Kg2 Be4+ 26.
Qf3 Qxf3+ 27. Kh3 Qh5# {White checkmated} 0-1

[Event "ICC tourney 1970 (45 10)"]
[Site "Internet Chess Club"]
[Date "2020.08.22"]
[Round "4"]
[White "ab4gm"]
[Black "RoPac"]
[Result "1-0"]
[ICCResult "Black checkmated"]
[WhiteElo "1024"]
[BlackElo "681"]
[Opening "Giuoco Pianissimo: Italian four knights variation"]
[ECO "C50"]
[NIC "IG.02"]
[Time "18:32:47"]
[TimeControl "2700+10"]

1. e4 e5 2. Nf3 Nc6 3. Bc4 Bc5 4. d3 Nf6 5. Nc3 d6 6. Be3 Bb6 7. O-O O-O 8.
Bg5 h6 9. Bh4 Be6 10. Nd5 Na5 11. Nxf6+ gxf6 12. Nd2 Nxc4 13. dxc4 Bd4 14.
Qh5 Kh7 15. c3 Bc5 16. Qf3 Rg8 17. Bxf6 Qd7 18. Bh4 Bh3 19. Bg3 Bg4 20. Qf6
Rg6 21. Qh4 d5 22. h3 Be7 23. Qxg4 Rxg4 24. hxg4 Qxg4 25. exd5 Bh4 26. Bxh4
Qxh4 27. g3 Qg5 28. Nf3 Qf6 29. Rfe1 Qxf3 30. Rxe5 Qf6 31. Rae1 Rd8 32. Re7
Kg7 33. Rxc7 Qb6 34. Ree7 Rf8 35. Rxb7 Qa6 36. Rxa7 Qxc4 37. d6 Qc8 38. d7
Qd8 39. Re4 f6 40. Rc4 Rf7 41. Rc8 Qb6 42. d8=Q Qxd8 43. Rxf7+ Kxf7 44. Rxd8
Ke7 45. Ra8 Kd7 46. a4 Kc6 47. Rh8 Kb6 48. Rxh6 Ka5 49. Rxf6 Kxa4 50. g4 Kb3
51. g5 Kxb2 52. g6 Kxc3 53. g7 Kd4 54. g8=Q Ke5 55. Qe6+ Kd4 56. Rf4+ Kd3
57. Qe3+ Kc2 58. Rc4+ Kb1 59. Rc1+ Ka2 60. Rc2+ Kb1 61. Qb3+ Ka1 62. Rc1#
{Black checkmated}
1-0

[Event "ICC tourney 1970 (45 10)"]
[Site "Internet Chess Club"]
[Date "2020.08.22"]
[Round "4"]
[White "kushagra12"]
[Black "ishban"]
[Result "1/2-1/2"]
[ICCResult "Game drawn by repetition"]
[WhiteElo "800"]
[BlackElo "1039"]
[Opening "Scotch gambit: Benima defense"]
[ECO "C44"]
[NIC "SO.06"]
[Time "18:32:44"]
[TimeControl "2700+10"]

1. e4 e5 2. Nf3 Nc6 3. d4 exd4 4. Bc4 Be7 5. Nxd4 Nf6 6. Nxc6 bxc6 7. e5 Ng8
8. Nc3 d6 9. exd6 Qxd6 10. O-O Nf6 11. Qf3 Bg4 12. Qe3 O-O 13. h3 Be6 14.
Rd1 Qc5 15. Bxe6 Qxe3 16. Bxf7+ Rxf7 17. Bxe3 a6 18. Bf4 Rc8 19. Bg3 Rff8
20. Ne2 Ne4 21. Rd4 Nxg3 22. Nxg3 Bc5 23. Rd2 Rcd8 24. Re2 Rde8 25. Rf1 Bd6
26. Rxe8 Rxe8 27. Nf5 Re2 28. Nxd6 cxd6 29. Rc1 Kf7 30. Kf1 Re5 31. Re1
Rxe1+ 32. Kxe1 d5 33. Ke2 Ke6 34. c3 c5 35. Ke3 Ke5 36. f4+ Kf5 37. g4+ Ke6
38. b3 a5 39. a3 Kd6 40. a4 Ke6 41. c4 g6 42. h4 h5 43. gxh5 gxh5 44. Kf3
dxc4 45. bxc4 Kf5 46. Kg3 Ke4 47. f5 Kxf5 48. Kf3 Ke5 49. Ke3 Kf5 50. Kf3
Ke5 51. Ke3 Kf5 52. Kf3 Ke5 53. Ke3 Kf5 54. Kf3 Ke5 55. Ke3 Kf5 56. Kf3 Ke5
57. Ke3 Kf5 58. Kf3 Ke5 59. Ke3 Kf5 60. Kf3 Ke5 61. Ke3 Kf5 62. Kf3 Ke5 63.
Ke3 Kf5 64. Kf3 Ke5 65. Ke3 Kf5 66. Kf3 Ke5 67. Ke3 Kf5 68. Kf3 Ke5 69. Ke3
Kf5 70. Kf3 Ke5 71. Ke3 Kf5 72. Kf3 Ke5 73. Ke3 Kf5 74. Kf3 Ke5 75. Ke3 Kf5
76. Kf3 Ke5 77. Ke3 Kf5 78. Kf3 Ke5 79. Ke3 Kf5 80. Kf3 Ke5 81. Ke3 Kf5 82.
Kf3 Ke5 83. Ke3 Kf5 84. Kf3 Ke5 85. Ke3 Kf5 86. Kf3 Ke5 87. Ke3 Kf5 88. Kf3
Ke5 89. Ke3 {Game drawn by repetition} 1/2-1/2

[Event "ICC tourney 1970 (45 10)"]
[Site "Internet Chess Club"]
[Date "2020.08.22"]
[Round "4"]
[White "AJRChess2011"]
[Black "akhilv"]
[Result "1-0"]
[ICCResult "Black checkmated"]
[WhiteElo "1183"]
[BlackElo "916"]
[Opening "Sicilian: Najdorf, Adams attack"]
[ECO "B90"]
[NIC "SI.14"]
[Time "18:32:46"]
[TimeControl "2700+10"]

1. e4 c5 2. Nf3 d6 3. d4 cxd4 4. Nxd4 Nf6 5. Nc3 a6 6. h3 e5 7. Nb3 Nc6 8.
g4 Be7 9. Bg2 O-O 10. O-O Be6 11. Be3 Rc8 12. Na4 Bxb3 13. axb3 h6 14. Nb6
Rc7 15. Nd5 Nxd5 16. exd5 Nb4 17. Bb6 Qd7 18. Bxc7 Qxc7 19. c3 Nxd5 20. Qxd5
Rb8 21. Be4 Qc6 22. Qxc6 bxc6 23. Rxa6 Rxb3 24. Ra8+ Bf8 25. Bh7+ Kxh7 26.
Rxf8 Rb7 27. f4 Rxb2 28. Rxf7 exf4 29. R7xf4 g5 30. Rf7+ Kg8 31. Rf8+ Kg7
32. R8f6 Rd2 33. Rf7+ Kg8 34. Rc7 c5 35. Ra1 Rf2 36. Kxf2 d5 37. Ra8#
{Black checkmated}
1-0

[Event "ICC tourney 1970 (45 10)"]
[Site "Internet Chess Club"]
[Date "2020.08.22"]
[Round "4"]
[White "neptune46"]
[Black "MathMonkey"]
[Result "0-1"]
[ICCResult "White checkmated"]
[WhiteElo "803"]
[BlackElo "906"]
[Opening "Giuoco Piano: four knights variation"]
[ECO "C50"]
[NIC "IG.02"]
[Time "18:32:48"]
[TimeControl "2700+10"]

1. e4 e5 2. Nf3 Nc6 3. Bc4 Bc5 4. Nc3 Nf6 5. O-O O-O 6. Re1 d6 7. h3 Bd7 8.
d3 h6 9. Bd2 Nh5 10. Na4 Nd4 11. Nxc5 dxc5 12. Bc3 b5 13. Bd5 c6 14. Bb3 Qe7
15. a3 a5 16. Ba2 Be6 17. Bd2 Bxa2 18. Rxa2 Qe6 19. Nxd4 Qxa2 20. Qxh5 cxd4
21. Qg4 Qe6 22. Qg3 Kh7 23. c3 Rg8 24. cxd4 exd4 25. e5 Qb3 26. Re4 Qxb2 27.
Bf4 Qxa3 28. Rxd4 Qa1+ 29. Kh2 Qxd4 30. Be3 Qxd3 31. e6 fxe6 32. h4 a4 33.
Kh3 a3 34. f4 a2 35. f5 Qxf5+ 36. Kh2 a1=Q 37. Bf2 Raf8 38. h5 Qxf2 39. Kh3
Qh1+ 40. Qh2 Qfxg2+ 41. Kh4 Qhxh2# {White checkmated} 0-1

[Event "ICC tourney 1970 (45 10)"]
[Site "Internet Chess Club"]
[Date "2020.08.22"]
[Round "4"]
[White "FGMAmaniRapid"]
[Black "sp04"]
[Result "1-0"]
[ICCResult "Black resigns"]
[WhiteElo "211"]
[BlackElo "1017"]
[Opening "QGD: 3...Nf6"]
[ECO "D35"]
[NIC "QO.16"]
[Time "18:33:14"]
[TimeControl "2700+10"]

1. c4 Nf6 2. d4 e6 3. Nc3 d5 4. e3 Bb4 5. Bd2 c5 6. cxd5 exd5 7. dxc5 Bxc5
8. Nf3 O-O 9. Qc2 Nc6 10. Bd3 Re8 11. O-O Bg4 12. Ng5 g6 13. e4 Qd7 14. h3
Be6 15. Nxe6 Rxe6 16. exd5 Nxd5 17. Nxd5 Qxd5 18. Bc4 Qf5 19. Qxf5 gxf5 20.
Bxe6 fxe6 21. Rfe1 Rd8 22. Bg5 Re8 23. Rad1 Bb4 24. Bd2 Bc5 25. a3 Nd4 26.
Be3 Rd8 27. Bxd4 Bxd4 28. Rxe6 Bb6 29. Rxd8+ Bxd8 30. Re8+ Kf7 31. Rxd8 Kg6
32. Rd7 b5 33. Rxa7 h5 34. Ra5 Kg5 35. Rxb5 Kf4 36. a4 Kg5 37. a5 Kf4 38.
Rb4+ Kg5 39. a6 Kf6 40. a7 Kg5 41. a8=Q Kg6 42. Rb6+ Kg5 43. Qg8+ Kf4 44.
g3+ Kf3 45. Qg4+ hxg4 46. hxg4 Kxg4 47. b3 Kg5 48. Ra6 Kg4 49. b4 Kf3 50. b5
Kg4 51. Rf6 Kf3 52. Rxf5+ Ke2 53. Kh1 Kf1 54. b6 Ke2 55. Re5+ Kd2 56. Re2+
Kxe2 57. b7 Kxf2 58. b8=Q Kf3 59. g4 Kxg4 60. Qb5 Kf4 61. Qd5 Ke3 62. Qf5
Kd4 63. Qe6 Kd3 64. Qe5 Kc4 65. Qd6 Kc3 66. Qd5 {Black resigns} 1-0

[Event "ICC tourney 1970 (45 10)"]
[Site "Internet Chess Club"]
[Date "2020.08.22"]
[Round "4"]
[White "tundrarules"]
[Black "hustlficc"]
[Result "1-0"]
[ICCResult "Black resigns"]
[WhiteElo "1037"]
[BlackElo "659"]
[Opening "Ruy Lopez: Classical defense deferred"]
[ECO "C70"]
[NIC "RL.09"]
[Time "18:32:48"]
[TimeControl "2700+10"]

1. e4 e5 2. Nf3 Nc6 3. Bb5 a6 4. Ba4 Bc5 5. Nc3 Nf6 6. h3 O-O 7. d3 d6 8.
Bg5 b5 9. Bb3 h6 10. Be3 Bxe3 11. fxe3 Re8 12. Qe2 Nh5 13. Qf2 Nb4 14. a3
Ng3 15. Qxg3 Nc6 16. Bd5 Qd7 17. Qg4 Rb8 18. Qxd7 Bxd7 19. d4 exd4 20. exd4
Ne7 21. Bb3 Nf5 22. O-O Ng3 23. Rfe1 Re7 24. Kh2 Nh5 25. Nd5 Re6 26. Nxc7
Rg6 27. Nxa6 Rb7 28. Rf1 Nf4 29. Rf2 Re6 30. Bxe6 Nxe6 31. d5 Nd8 32. e5
dxe5 33. Nxe5 Bc8 34. Rd1 Re7 35. Nc6 Nxc6 36. dxc6 Bxa6 37. Rd7 Re6 38. c7
Rc6 39. Rfxf7 Rxc2 40. Rxg7+ Kf8 41. Rge7 Bc8 42. Rf7+ Kg8 43. Rde7 Rxb2 44.
Rf3 Rc2 45. Re8+ Kg7 46. Rxc8 Rc5 47. Rd3 Kf6 48. Rd7 Ke6 49. Rcd8 Rc6 50.
Rh7 Ke5 51. c8=Q Rxc8 52. Rxc8 Kd6 53. Rxh6+ Kd7 54. Ra8 Kc7 55. Ra7+ Kb8
56. Rg7 {Black resigns} 1-0

[Event "ICC tourney 1970 (45 10)"]
[Site "Internet Chess Club"]
[Date "2020.08.22"]
[Round "4"]
[White "DiamondUnicorn"]
[Black "neelansh2489"]
[Result "1-0"]
[ICCResult "Black checkmated"]
[WhiteElo "531"]
[BlackElo "1081"]
[Opening "Giuoco Piano"]
[ECO "C50"]
[NIC "IG.02"]
[Time "18:32:47"]
[TimeControl "2700+10"]

1. e4 e5 2. Nf3 Nc6 3. Bc4 Bc5 4. O-O Nf6 5. d3 O-O 6. Nc3 d6 7. h3 h6 8.
Be3 Bb6 9. Nh2 Be6 10. Bb3 Nd4 11. Bxd4 Bxd4 12. Qd2 c6 13. Nf3 Bxc3 14.
Qxc3 d5 15. exd5 Bxd5 16. Nxe5 Bxb3 17. axb3 Qd6 18. Nc4 Qc7 19. Rfe1 Rfe8
20. Rxe8+ Rxe8 21. Rxa7 Nd5 22. Qd2 Nf4 23. Ra1 Ne2+ 24. Kh1 Qe7 25. g3 Qe6
26. Kh2 Qf6 27. Kg2 Nd4 28. Qf4 Qxf4 29. gxf4 Nxc2 30. Ra7 Rd8 31. Rxb7 Rxd3
32. Ne5 Rd2 33. Rb8+ Kh7 34. f5 Rd5 35. f4 Ne3+ 36. Kf3 Nxf5 37. Nxf7 Kg6
38. Ne5+ Kh7 39. Nxc6 Nd4+ 40. Nxd4 Rxd4 41. Ke3 Rd5 42. Rb4 g5 43. fxg5
hxg5 44. Rg4 Rb5 45. b4 Kh6 46. Kd3 Rf5 47. Re4 Rf3+ 48. Re3 Rf4 49. b5 Rb4
50. Re6+ Kh5 51. b6 Rxb2 52. Kc3 Rb1 53. Kc2 Rb5 54. Kc3 Kh4 55. Rh6+ Kg3
56. Kc4 Rb1 57. Kc5 Rb3 58. Kc6 Rc3+ 59. Kd7 Rb3 60. Kc7 Rc3+ 61. Rc6 Rxc6+
62. Kxc6 Kxh3 63. b7 g4 64. b8=Q g3 65. Qh8+ Kg2 66. Kd5 Kf2 67. Qf6+ Kg1
68. Ke4 g2 69. Kf3 Kf1 70. Qa1# {Black checkmated} 1-0

[Event "ICC tourney 1970 (45 10)"]
[Site "Internet Chess Club"]
[Date "2020.08.22"]
[Round "4"]
[White "Jaguarking"]
[Black "april2012"]
[Result "1-0"]
[ICCResult "Black checkmated"]
[WhiteElo "1148"]
[BlackElo "831"]
[Opening "Sicilian: Canal-Sokolsky attack, 3...Bd7"]
[ECO "B52"]
[NIC "SI.01"]
[Time "18:32:42"]
[TimeControl "2700+10"]

1. e4 c5 2. Nf3 d6 3. Bb5+ Bd7 4. Bxd7+ Qxd7 5. O-O Nf6 6. Nc3 g6 7. Re1 Bg7
8. d4 cxd4 9. Nxd4 Nc6 10. Nf3 O-O 11. Be3 Rac8 12. Qd2 Rfd8 13. Rad1 a6 14.
Bg5 Qe6 15. Bh6 Ne5 16. Nxe5 Qxe5 17. Bxg7 Kxg7 18. Qe2 Qc5 19. Qe3 Qb4 20.
Rb1 Rc4 21. a3 Qc5 22. Qxc5 Rxc5 23. Rbd1 Rc4 24. e5 Ng4 25. h3 Nxe5 26.
Rxe5 Kf6 27. Re4 Rc6 28. Rf4+ Kg7 29. Re1 e6 30. Rd1 d5 31. Rd2 Rdc8 32.
Rfd4 Rb6 33. Rb4 Rxb4 34. axb4 Rc4 35. Na2 Kf6 36. Re2 Ke7 37. Kf1 Kd6 38.
Ke1 Kc6 39. Kd2 Kb5 40. Re3 a5 41. bxa5 Kxa5 42. Ra3+ Kb6 43. Rc3 Rd4+ 44.
Rd3 Rf4 45. Rf3 Rd4+ 46. Ke3 Re4+ 47. Kd3 f5 48. Re3 Ra4 49. Rxe6+ Kc5 50.
Nc3 Rd4+ 51. Ke3 Rb4 52. Re7 Rxb2 53. Na4+ Kc4 54. Nxb2+ Kc3 55. Rxb7 Kxc2
56. Nd3 d4+ 57. Kxd4 h5 58. Rg7 g5 59. Rxg5 Kd2 60. Rxf5 Ke2 61. Rxh5 Kf1
62. g4 Kg2 63. g5 Kh1 64. g6 Kh2 65. g7 Kh1 66. g8=B Kh2 67. f4 Kg3 68. f5
Kf3 69. f6 Ke2 70. f7 Kd2 71. f8=Q Kc2 72. Qc5+ Kd2 73. Re5 Kd1 74. Qc1#
{Black checkmated}
1-0

[Event "ICC tourney 1970 (45 10)"]
[Site "Internet Chess Club"]
[Date "2020.08.22"]
[Round "4"]
[White "Alberttheshow"]
[Black "hasinideepak"]
[Result "1-0"]
[ICCResult "Black checkmated"]
[WhiteElo "549"]
[BlackElo "312"]
[Opening "Giuoco Piano"]
[ECO "C54"]
[NIC "IG.02"]
[Time "18:33:54"]
[TimeControl "2700+10"]

1. e4 e5 2. Nf3 Nc6 3. Bc4 Bc5 4. c3 Nf6 5. d4 exd4 6. cxd4 Nxd4 7. Nxd4
Bxd4 8. Qxd4 O-O 9. Bg5 h6 10. Bh4 Re8 11. Nc3 d6 12. O-O c5 13. Qd3 b6 14.
Bb5 Re5 15. Rfe1 Rh5 16. Bg3 Bb7 17. Rad1 d5 18. f3 d4 19. Nb1 Nd7 20. Qb3
Qg5 21. Bxd7 Rd8 22. Bg4 g6 23. Bxh5 gxh5 24. h4 Qxg3 25. Nd2 Qxh4 26. Qa4
Rd6 27. Qxa7 Bc6 28. Qxb6 Rg6 29. Nf1 Qh3 30. Rd2 Qxf3 31. Qxc5 h4 32. Ree2
h3 33. Nh2 Qg3 34. Qc2 Rg5 35. Rd3 Qf4 36. Qxc6 Rg6 37. Qd5 Qc1+ 38. Nf1
hxg2 39. Rxg2 Rxg2+ 40. Kxg2 Qc2+ 41. Rd2 Qc7 42. Rxd4 Qf4 43. Rd3 Qg4+ 44.
Rg3 Qg7 45. Qe5 f6 46. Qe7 Qxg3+ 47. Nxg3 h5 48. b4 h4 49. b5 hxg3 50. b6 f5
51. b7 fxe4 52. b8=Q# {Black checkmated} 1-0